TOP OF THE 1ST |
Texas A&M Aggies batting - Pitching for Nebraska Cornhuskers : LHP Randy Leonard
|
Pitching: LHP Randy Leonard
|
|
Batting: RHB Mike Tate
|
0-0: Ball 1-0: Ball 2-0: Ball 3-0: Base on Balls
|
Batting: RHB Greg Marshall
|
0-0: Called Strike 0-1: Ball 1-1: Ball 2-1: Foul Ball, location: 2F 2-2: SINGLE (Line Drive, 6) Mike Tate to second
|
Batting: LHB Jesse Callahan
|
0-0: Called Strike 0-1: Called Strike 0-2: Ball 1-2: Ball 2-2: SINGLE (Groundball, 4D) (infield hit) Mike Tate to third Greg Marshall to second
|
Batting: RHB Arthur Wilson
|
0-0: Ball 1-0: GRAND SLAM HOME RUN (Line Drive, 7LD), Distance : 335 ft
|
Batting: RHB Joaquín Soto
|
0-0: Ball 1-0: Foul Ball, location: 2F 1-1: Swinging Strike 1-2: Foul Ball, location: 2F 1-2: Ground out U3 (Groundball, 3S)
|
Batting: RHB Nacho Rivera
|
0-0: SINGLE (Flyball, 8RS)
|
Batting: SHB Orlando Ortíz
|
0-0: Ground out U3 (Groundball, 34S) Nacho Rivera to second
|
Batting: RHB Jack Gillespie
|
0-0: Called Strike 0-1: Ball 1-1: Called Strike 1-2: Ball 2-2: Ball 3-2: Strikes out swinging
|
Top of the 1st over - 4 runs, 4 hits, 0 errors, 1 left on base; Texas A&M 4 - Nebraska 0 |
BOTTOM OF THE 1ST |
Nebraska Cornhuskers batting - Pitching for Texas A&M Aggies : LHP Christopher McDonald
|
Pitching: LHP Christopher McDonald
|
|
Batting: SHB Carl Rivers
|
0-0: Called Strike 0-1: Swinging Strike 0-2: Strikes out swinging
|
Batting: RHB Jeremy Davidson
|
0-0: Ball 1-0: Called Strike 1-1: Ball 2-1: Foul Ball, location: 2F 2-2: Fly out, F9 (Flyball, 89S)
|
Batting: RHB John Carr
|
0-0: Ball 1-0: Called Strike 1-1: SINGLE (Flyball, 9LS)
|
Batting: RHB Cliff Long
|
0-0: DOUBLE (Line Drive, 9LM) John Carr to third
|
Batting: LHB Scott Perkins
|
0-0: Ball 1-0: Called Strike 1-1: Foul Ball, location: 2F 1-2: Ball 2-2: Ball 3-2: Fly out, F7 (Flyball, 7S)
|
Bottom of the 1st over - 0 runs, 2 hits, 0 errors, 2 left on base; Texas A&M 4 - Nebraska 0 |
TOP OF THE 2ND |
Texas A&M Aggies batting - Pitching for Nebraska Cornhuskers : LHP Randy Leonard
|
Batting: RHB Randy Akers
|
0-0: Called Strike 0-1: Foul Ball, location: 2F 0-2: Ball 1-2: Ball 2-2: Ball 3-2: Strikes out swinging
|
Batting: RHB Mike Tate
|
0-0: Called Strike 0-1: Fly out, F8 (Flyball, 8RD)
|
Batting: RHB Greg Marshall
|
0-0: Foul Ball, location: 2F 0-1: Ball 1-1: Foul Ball, location: 2F 1-2: Foul Ball, location: 2F 1-2: Ball 2-2: DOUBLE (Line Drive, 8LD)
|
Batting: LHB Jesse Callahan
|
0-0: Called Strike 0-1: Swinging Strike 0-2: Ball 1-2: Ground out U3 (Groundball, 34S)
|
Top of the 2nd over - 0 runs, 1 hit, 0 errors, 1 left on base; Texas A&M 4 - Nebraska 0 |
BOTTOM OF THE 2ND |
Nebraska Cornhuskers batting - Pitching for Texas A&M Aggies : LHP Christopher McDonald
|
Batting: RHB Jeff Belcher
|
0-0: Ball 1-0: Called Strike 1-1: Foul Ball, location: 2F 1-2: Ball 2-2: Ball 3-2: Foul Ball, location: 2F 3-2: Foul Ball, location: 2F 3-2: Foul Ball, location: 2F 3-2: Fly out, F9 (Flyball, 9D)
|
Batting: RHB David Howard
|
0-0: SOLO HOME RUN (Flyball, 7LD), Distance : 313 ft
|
Batting: RHB Dave Rodgers
|
0-0: Ball 1-0: Called Strike 1-1: Ball 2-1: Ground out 4-3 (Groundball, 4MS)
|
Batting: SHB Conner Whitney
|
0-0: Ball 1-0: SINGLE (Line Drive, 8RS)
|
Batting: SHB Carl Rivers
|
0-0: Ground out 1-3 (Groundball, 13)
|
Bottom of the 2nd over - 1 run, 2 hits, 0 errors, 1 left on base; Texas A&M 4 - Nebraska 1 |
TOP OF THE 3RD |
Texas A&M Aggies batting - Pitching for Nebraska Cornhuskers : LHP Randy Leonard
|
Batting: RHB Arthur Wilson
|
0-0: Ball 1-0: Ball 2-0: Called Strike 2-1: Foul Ball, location: 2F 2-2: Fly out, F7 (Flyball, 7S)
|
Batting: RHB Joaquín Soto
|
0-0: Fly out, F4 (Line Drive, 4)
|
Batting: RHB Nacho Rivera
|
0-0: Ball 1-0: Called Strike 1-1: Ball 2-1: Ball 3-1: Base on Balls
|
Batting: SHB Orlando Ortíz
|
0-0: Foul Ball, location: 2F 0-1: Foul Ball, location: 2F 0-2: Foul Ball, location: 2F 0-2: Strikes out swinging
|
Top of the 3rd over - 0 runs, 0 hits, 0 errors, 1 left on base; Texas A&M 4 - Nebraska 1 |
BOTTOM OF THE 3RD |
Nebraska Cornhuskers batting - Pitching for Texas A&M Aggies : LHP Christopher McDonald
|
Batting: RHB Jeremy Davidson
|
0-0: Ball 1-0: SINGLE (Flyball, 89M)
|
Batting: RHB John Carr
|
0-0: Foul Ball, location: 2F 0-1: Ball 1-1: Fly out, F8 (Flyball, 89D)
|
Batting: RHB Cliff Long
|
0-0: Ball Jeremy Davidson steals 2nd base 1-0: Called Strike 1-1: Fly out, F9 (Line Drive, 89M) Runner from 2nd tags up, SAFE at 3rd with throw
|
Batting: LHB Scott Perkins
|
0-0: Called Strike 0-1: Ball 1-1: Ball 2-1: Ball 3-1: Called Strike Steal of home, Jeremy Davidson is out
|
Bottom of the 3rd over - 0 runs, 1 hit, 0 errors, 0 left on base; Texas A&M 4 - Nebraska 1 |
TOP OF THE 4TH |
Texas A&M Aggies batting - Pitching for Nebraska Cornhuskers : LHP Randy Leonard
|
Batting: RHB Jack Gillespie
|
0-0: Called Strike 0-1: SOLO HOME RUN (Flyball, 7LD), Distance : 324 ft
|
Batting: RHB Randy Akers
|
0-0: Foul Ball, location: 2F 0-1: SOLO HOME RUN (Flyball, 7D), Distance : 363 ft
|
Batting: RHB Mike Tate
|
0-0: SINGLE (Groundball, 34S) (infield hit)
|
Batting: RHB Greg Marshall
|
0-0: Called Strike 0-1: Swinging Strike 0-2: Strikes out swinging
|
Pitching: RHP Júlio Ramos
|
|
Batting: LHB Jesse Callahan
|
0-0: Ball 1-0: Ball 2-0: Foul Ball, location: 2F 2-1: Ball 3-1: Base on Balls Mike Tate to second
|
Batting: RHB Arthur Wilson
|
0-0: Called Strike 0-1: Called Strike 0-2: Ball 1-2: Foul Ball, location: 2F 1-2: Ball 2-2: SINGLE (Flyball, 89S) Mike Tate to third Jesse Callahan to second Runner from 3rd tries for Home, SAFE, no throw
|
Batting: RHB Joaquín Soto
|
0-0: Ball 1-0: Grounds into double play, 5-4-3 (Groundball, 56)
|
Top of the 4th over - 3 runs, 4 hits, 0 errors, 1 left on base; Texas A&M 7 - Nebraska 1 |
BOTTOM OF THE 4TH |
Nebraska Cornhuskers batting - Pitching for Texas A&M Aggies : LHP Christopher McDonald
|
Batting: LHB Scott Perkins
|
0-0: Ball 1-0: Foul Ball, location: 2F 1-1: Reached on error, E3 (Groundball, 3)
|
Batting: RHB Jeff Belcher
|
0-0: Ball 1-0: Ball 2-0: Called Strike 2-1: Called Strike 2-2: Strikes out looking
|
Batting: RHB David Howard
|
0-0: Ball 1-0: Fly out, F8 (Line Drive, 8RM)
|
Batting: RHB Dave Rodgers
|
0-0: Called Strike 0-1: Called Strike 0-2: Foul Ball, location: 2F 0-2: Strikes out swinging
|
Bottom of the 4th over - 0 runs, 0 hits, 1 error, 1 left on base; Texas A&M 7 - Nebraska 1 |
TOP OF THE 5TH |
Texas A&M Aggies batting - Pitching for Nebraska Cornhuskers : RHP Júlio Ramos
|
Batting: RHB Nacho Rivera
|
0-0: Ball 1-0: Foul Ball, location: 2F 1-1: Ball 2-1: SOLO HOME RUN (Line Drive, 89XD), Distance : 371 ft
|
Batting: SHB Orlando Ortíz
|
0-0: Called Strike 0-1: Ball 1-1: Ball 2-1: Foul Ball, location: 2F 2-2: Ball 3-2: Base on Balls
|
Batting: RHB Jack Gillespie
|
0-0: Ball 1-0: Ball 2-0: Called Strike 2-1: Ground out 4-3 (Groundball, 4S) Orlando Ortíz to second
|
Batting: RHB Randy Akers
|
0-0: Foul Ball, location: 2F 0-1: Foul Ball, location: 2F 0-2: Foul Ball, location: 2F 0-2: Strikes out looking
|
Batting: RHB Mike Tate
|
0-0: Called Strike 0-1: SINGLE (Groundball, 56) (infield hit) Orlando Ortíz to third
|
Batting: RHB Greg Marshall
|
0-0: Foul Ball, location: 2F 0-1: Ball 1-1: Called Strike 1-2: Reached on error, E8 (Flyball, 8LD) Orlando Ortíz scores Mike Tate to third
|
Batting: LHB Jesse Callahan
|
0-0: Called Strike 0-1: Ball 1-1: DOUBLE (Flyball, 8LD) Mike Tate scores Greg Marshall scores
|
Batting: RHB Arthur Wilson
|
0-0: Called Strike 0-1: Ball 1-1: Called Strike 1-2: Ball 2-2: Foul Ball, location: 2F 2-2: Strikes out swinging
|
Top of the 5th over - 4 runs, 3 hits, 1 error, 1 left on base; Texas A&M 11 - Nebraska 1 |
BOTTOM OF THE 5TH |
Nebraska Cornhuskers batting - Pitching for Texas A&M Aggies : LHP Christopher McDonald
|
Batting: SHB Conner Whitney
|
0-0: Swinging Strike 0-1: Fly out, F1 (Line Drive, 13)
|
Batting: SHB Carl Rivers
|
0-0: Ball 1-0: Ground out 5-3 (Groundball, 56S)
|
Batting: RHB Jeremy Davidson
|
0-0: SINGLE (Groundball, 5L) (infield hit)
|
Batting: RHB John Carr
|
0-0: Swinging Strike 0-1: Ball 1-1: Foul Ball, location: 2F 1-2: Foul Ball, location: 2F 1-2: Foul Ball, location: 2F 1-2: Fielders Choice at 2nd, 5-4 (Groundball, 5L)
|
Bottom of the 5th over - 0 runs, 1 hit, 0 errors, 1 left on base; Texas A&M 11 - Nebraska 1 |
TOP OF THE 6TH |
Texas A&M Aggies batting - Pitching for Nebraska Cornhuskers : RHP Júlio Ramos
|
Batting: RHB Joaquín Soto
|
0-0: Ball 1-0: Ground out 5-3 (Groundball, 56)
|
Batting: RHB Nacho Rivera
|
0-0: Foul Ball, location: 2F 0-1: Ball 1-1: Ball 2-1: SOLO HOME RUN (Flyball, 7LD), Distance : 329 ft
|
Batting: SHB Orlando Ortíz
|
0-0: Called Strike 0-1: Ball 1-1: Ball 2-1: Ball 3-1: Base on Balls
|
Pitching: RHP Rick James
|
|
Batting: RHB Jack Gillespie
|
0-0: Ball Orlando Ortíz steals 2nd base 1-0: Called Strike 1-1: Swinging Strike 1-2: SINGLE (Line Drive, 6D) Orlando Ortíz to third
|
Batting: RHB Randy Akers
|
0-0: Ball 1-0: Ball 2-0: Called Strike 2-1: Swinging Strike 2-2: Strikes out swinging
|
Batting: RHB Mike Tate
|
0-0: Called Strike 0-1: Ball 1-1: Fielders Choice at 2nd, 6-4 (Groundball, 6)
|
Top of the 6th over - 1 run, 2 hits, 0 errors, 2 left on base; Texas A&M 12 - Nebraska 1 |
BOTTOM OF THE 6TH |
Nebraska Cornhuskers batting - Pitching for Texas A&M Aggies : LHP Christopher McDonald
|
Batting: RHB Cliff Long
|
0-0: Fly out, F8 (Flyball, 89XD)
|
Batting: LHB Scott Perkins
|
0-0: Ball 1-0: Called Strike 1-1: Ball 2-1: Ground out 5-3 (Groundball, 56)
|
Batting: RHB Jeff Belcher
|
0-0: Ball 1-0: Called Strike 1-1: Ground out U3 (Groundball, 3)
|
Bottom of the 6th over - 0 runs, 0 hits, 0 errors, 0 left on base; Texas A&M 12 - Nebraska 1 |
TOP OF THE 7TH |
Texas A&M Aggies batting - Pitching for Nebraska Cornhuskers : RHP Rick James
|
Batting: RHB Greg Marshall
|
0-0: Ball 1-0: Ball 2-0: Ball 3-0: Base on Balls
|
Batting: LHB Jesse Callahan
|
0-0: Ball 1-0: Foul Ball, location: 2F 1-1: Ball 2-1: Ball 3-1: Fly out, F8 (Flyball, 8RD)
|
Batting: RHB Arthur Wilson
|
0-0: Ball 1-0: Called Strike 1-1: Swinging Strike 1-2: Strikes out swinging
|
Batting: RHB Joaquín Soto
|
0-0: SINGLE (Groundball, 15S) (infield hit) Greg Marshall to second
|
Batting: RHB Nacho Rivera
|
0-0: Fly out, F8 (Flyball, 78M)
|
Top of the 7th over - 0 runs, 1 hit, 0 errors, 2 left on base; Texas A&M 12 - Nebraska 1 |
BOTTOM OF THE 7TH |
Nebraska Cornhuskers batting - Pitching for Texas A&M Aggies : LHP Christopher McDonald
|
Pitching: RHP Jeremiah Collier
|
|
Batting: RHB David Howard
|
0-0: Ball 1-0: Reached on error, E3 (Groundball, 34)
|
Batting: RHB Dave Rodgers
|
0-0: Called Strike 0-1: Foul Ball, location: 2F 0-2: Foul Ball, location: 2F 0-2: Ball 1-2: Fly out, F9 (Flyball, 9)
|
Batting: SHB Conner Whitney
|
0-0: Called Strike David Howard steals 2nd base 0-1: Ball 1-1: Fly out, F8 (Flyball, 8LM)
|
Batting: SHB Carl Rivers
|
0-0: Ball 1-0: DOUBLE (Line Drive, 9LS) David Howard scores
|
Batting: RHB Jeremy Davidson
|
0-0: SINGLE (Groundball, 56S) (infield hit) Carl Rivers to third
|
Batting: RHB John Carr
|
0-0: Reached via error on a dropped throw, E3 Carl Rivers scores Jeremy Davidson to second
|
Batting: RHB Cliff Long
|
0-0: Called Strike 0-1: Foul Ball, location: 2F 0-2: Foul Ball, location: 2F 0-2: Ball 1-2: Foul Ball, location: 2F 1-2: Foul Ball, location: 2F 1-2: Foul Ball, location: 2F 1-2: Ball 2-2: SINGLE (Line Drive, 8LS) Jeremy Davidson to third John Carr to second Runner from 3rd tries for Home, SAFE, no throw
|
Batting: LHB Scott Perkins
|
0-0: DOUBLE (Line Drive, 7D) John Carr scores Cliff Long to third Runner from 3rd tries for Home, SAFE, no throw
|
Pitching: LHP António Morales
|
|
Pinch Runner at 2nd Bob Jacobson:
|
|
Batting: RHB Jeff Belcher
|
0-0: Ball 1-0: Foul Ball, location: 2F 1-1: Called Strike 1-2: Ball 2-2: Foul Ball, location: 2F 2-2: DOUBLE (Line Drive, 9LD) Bob Jacobson scores
|
Batting: RHB David Howard
|
0-0: Called Strike 0-1: Ball Wild Pitch! Jeff Belcher to third 1-1: Fly out, F7 (Flyball, 7LSF)
|
Bottom of the 7th over - 6 runs, 5 hits, 2 errors, 1 left on base; Texas A&M 12 - Nebraska 7 |
TOP OF THE 8TH |
Texas A&M Aggies batting - Pitching for Nebraska Cornhuskers : RHP Rick James
|
Now at C: Bob Jacobson
|
|
Batting: SHB Orlando Ortíz
|
0-0: Called Strike 0-1: Swinging Strike 0-2: Strikes out looking
|
Batting: RHB Jack Gillespie
|
0-0: Called Strike 0-1: Ball 1-1: Foul Ball, location: 2F 1-2: Strikes out swinging
|
Batting: RHB Randy Akers
|
0-0: Ball 1-0: DOUBLE (Line Drive, 78D)
|
Batting: RHB Mike Tate
|
0-0: Ball 1-0: Swinging Strike 1-1: Called Strike 1-2: Strikes out swinging
|
Top of the 8th over - 0 runs, 1 hit, 0 errors, 1 left on base; Texas A&M 12 - Nebraska 7 |
BOTTOM OF THE 8TH |
Nebraska Cornhuskers batting - Pitching for Texas A&M Aggies : LHP António Morales
|
Batting: RHB Dave Rodgers
|
0-0: Fly out, F4 (Popup, 4M)
|
Batting: SHB Conner Whitney
|
0-0: Called Strike 0-1: Ground out 6-3 (Groundball, 56)
|
Batting: SHB Carl Rivers
|
0-0: Ball 1-0: Ball 2-0: Foul Ball, location: 2F 2-1: Ball 3-1: Base on Balls
|
Batting: RHB Jeremy Davidson
|
0-0: Fly out, F8 (Flyball, 8RD)
|
Bottom of the 8th over - 0 runs, 0 hits, 0 errors, 1 left on base; Texas A&M 12 - Nebraska 7 |
TOP OF THE 9TH |
Texas A&M Aggies batting - Pitching for Nebraska Cornhuskers : RHP Rick James
|
Batting: RHB Greg Marshall
|
0-0: Called Strike 0-1: Ball 1-1: Foul Ball, location: 2F 1-2: Foul Ball, location: 2F 1-2: Ball 2-2: Ball 3-2: Ground out U3 (Groundball, 34)
|
Batting: LHB Jesse Callahan
|
0-0: Called Strike 0-1: Ball 1-1: SINGLE (Line Drive, 9S)
|
Batting: RHB Arthur Wilson
|
0-0: Ground out 3-1 (Groundball, 34S) Jesse Callahan to second
|
Batting: RHB Joaquín Soto
|
0-0: Ball 1-0: Ball 2-0: Ball 3-0: Called Strike 3-1: Hit by Pitch
|
Pitching: LHP José Vázquez
|
|
Batting: RHB Nacho Rivera
|
0-0: Ball 1-0: Called Strike 1-1: Ball 2-1: Ball 3-1: Base on Balls Jesse Callahan to third Joaquín Soto to second
|
Batting: SHB Orlando Ortíz
|
0-0: Ball 1-0: Ball 2-0: Ball 3-0: Base on Balls Jesse Callahan scores Joaquín Soto to third Nacho Rivera to second
|
Batting: RHB Jack Gillespie
|
0-0: Foul Ball, location: 2F 0-1: SINGLE (Line Drive, 89M) Joaquín Soto scores Nacho Rivera to third Orlando Ortíz to second
|
Batting: RHB Randy Akers
|
0-0: Ball 1-0: Ball 2-0: Foul Ball, location: 2F 2-1: Foul Ball, location: 2F 2-2: Ball Passed Ball! Nacho Rivera scores Orlando Ortíz to third Jack Gillespie to second 3-2: Base on Balls
|
Batting: RHB Mike Tate
|
0-0: Called Strike 0-1: Foul Ball, location: 2F 0-2: Ball 1-2: Ball 2-2: Foul Ball, location: 2F 2-2: Strikes out looking
|
Top of the 9th over - 3 runs, 2 hits, 0 errors, 3 left on base; Texas A&M 15 - Nebraska 7 |
BOTTOM OF THE 9TH |
Nebraska Cornhuskers batting - Pitching for Texas A&M Aggies : LHP António Morales
|
Batting: RHB John Carr
|
0-0: Ball 1-0: Ground out 4-3 (Groundball, 4S)
|
Batting: RHB Cliff Long
|
0-0: Foul Ball, location: 2F 0-1: Ball 1-1: Ball 2-1: Ball 3-1: Base on Balls
|
Batting: RHB Bob Jacobson
|
0-0: Ball 1-0: Ground out 5-3 (Groundball, 56S) Cliff Long to second
|
Batting: RHB Jeff Belcher
|
0-0: Foul Ball, location: 2F 0-1: Ground out 3-1 (Groundball, 34)
|
Bottom of the 9th over - 0 runs, 0 hits, 0 errors, 1 left on base; Texas A&M 15 - Nebraska 7 |
|